[Event "MPL 19th IND-ch Teams Women 2022"]
[Site "Jalgaon"]
[Date "2022.04.08"]
[Round "1.1"]
[White "Divya Deshmukh"]
[Black "Dakshita Kumawat"]
[Result "1-0"]
[ECO "C02"]
[WhiteElo "2301"]
[BlackElo "1395"]
[Annotator "RC"]
[PlyCount "39"]
[EventDate "2022.04.10"]
[EventType "team-tourn"]
[EventCountry "IND"]
[SourceTitle "playchess.com"]
[Source "ChessBase"]
[SourceQuality "1"]
[TimeControl "5400+30"]

1. e4 e6 2. d4 d5 3. e5 c5 4. c3 Nc6 5. Nf3 Qb6 6. Bd3 cxd4 7. O-O Bd7 8. Re1 Rc8 9. h4 a6 10. Nbd2 dxc3 11. bxc3 Na5 12. Rb1 Qc7 13. Bb2 Ne7 14. Nf1 Nec6 15. Ng3 Be7 16. Bc1 Qd8 17. Ng5 h6 18. Qh5 O-O 19. Nh7 Bxh4 20. Bxh6 1-0

[Event "MPL 19th IND-ch Teams Women 2022"]
[Site "Jalgaon"]
[Date "2022.04.08"]
[Round "1.2"]
[White "Charvi Patidar"]
[Black "Priyanka Nutakki"]
[Result "0-1"]
[ECO "D24"]
[WhiteElo "1367"]
[BlackElo "2301"]
[Annotator "RC"]
[PlyCount "62"]
[EventDate "2022.04.10"]
[EventType "team-tourn"]
[EventCountry "IND"]
[SourceTitle "playchess.com"]
[Source "ChessBase"]
[SourceQuality "1"]
[TimeControl "5400+30"]

1. d4 d5 2. c4 e6 3. Nc3 Nf6 4. Nf3 dxc4 5. a4 Bb4 6. e3 O-O 7. Bxc4 c5 8. O-O Nc6 9. Ne2 Qe7 10. Qc2 e5 11. dxe5 Nxe5 12. Nxe5 Qxe5 13. Nf4 Bf5 14. Bd3 Bd7 15. Rd1 Bc6 16. Rb1 Rad8 17. b3 Qg5 18. Qe2 Rfe8 19. f3 a6 20. e4 Qe5 21. Be3 Bc3 22. g4 Bd4 23. Ng2 h6 24. Kh1 Bxe3 25. Qxe3 Rd4 26. Rd2 Qd6 27. Nf4 Rd8 28. Rbd1 Qe5 29. Ne2 R4d7 30. Bc4 Nxg4 31. fxg4 Rxd2 0-1

[Event "MPL 19th IND-ch Teams Women 2022"]
[Site "Jalgaon"]
[Date "2022.04.08"]
[Round "1.3"]
[White "Vaishali R"]
[Black "Aanya Chawat"]
[Result "1-0"]
[ECO "C90"]
[WhiteElo "2403"]
[BlackElo "1159"]
[Annotator "TA"]
[PlyCount "79"]
[EventDate "2022.04.10"]
[EventType "team-tourn"]
[EventCountry "IND"]
[SourceTitle "playchess.com"]
[Source "ChessBase"]
[SourceQuality "1"]
[TimeControl "5400+30"]

1. e4 e5 2. Nf3 Nc6 3. Bb5 a6 4. Ba4 Nf6 5. O-O Be7 6. Re1 b5 7. Bb3 d6 8. c3 Bg4 9. h3 Bh5 10. d4 {C90: Closed Ruy Lopez with 7...d6: Early deviations.} (10. d3 $14) 10... Bxf3 $11 11. gxf3 Na5 12. f4 {The position is equal.} Nxb3 13. axb3 {[#]} O-O $146 ({Predecessor:} 13... exd4 14. cxd4 O-O 15. d5 Qd7 16. Qf3 c6 17. dxc6 Qxc6 18. Nd2 Nd7 19. Qg3 Rfe8 {½-½ (43) Filatov,B (2495)-Todorovic,B (2282) Rotterdam 1996}) 14. Kh2 Nd7 15. f5 c6 16. Rg1 Kh8 17. Be3 Qc7 18. dxe5 dxe5 19. Nd2 Bc5 20. Qg4 Rg8 21. Bxc5 $40 {[%mdl 128] Black needs to defend precisely.} Nxc5 22. Nf3 (22. f6 $11 {feels stronger.} gxf6 23. Qf3) 22... f6 $15 23. b4 Nd3 24. Nh4 (24. Qg3 $1 $15 {was preferrable.}) 24... h6 (24... Nxb2 $2 {is a self mate.} 25. Ng6+ $1 hxg6 26. Qh4#) (24... Rgd8 $17 {stays on course. ...Qa7 is the strong threat.} 25. Qe2 Qa7) 25. Ng6+ $16 Kh7 {[#]} 26. Qe2 $1 ({Reject} 26. Nh4 Nxb2 27. Qg6+ Kh8 $15) 26... Nf4 27. Nxf4 exf4 28. Qf3 {&Bianco is more active.} Rgd8 {[#]} 29. Rg6 $1 ({Much worse is} 29. Qh5 $6 Rd2 $11) 29... c5 $2 {[%mdl 8192] Black cannot hold the game after this.} (29... Ra7 $16) 30. Rag1 {[%cal Oe4e5] And now e5! would win.} Rd7 (30... Rg8 $142 31. bxc5 Qxc5 32. Qxf4 Qe7) 31. e5 $18 Rf8 32. exf6 (32. Qh5 $142 {[%cal Og6h6] White wants to mate with Rxh6+!} Rg8 33. exf6) 32... Rxf6 33. Rxf6 gxf6 {[%mdl 4096] Endgame KQR-KQR} 34. Qg4 Rg7 {Against Qg8+} 35. Qxg7+ Qxg7 36. Rxg7+ Kxg7 37. bxc5 Kf7 38. Kg2 Ke7 39. Kf3 Kd7 40. b4 {Weighted Error Value: White=0.35/Black=0.47} 1-0

[Event "MPL 19th IND-ch Teams Women 2022"]
[Site "Jalgaon"]
[Date "2022.04.08"]
[Round "1.4"]
[White "Tejasvee Naresh Singh"]
[Black "Priyanka, Kumari"]
[Result "0-1"]
[ECO "B96"]
[WhiteElo "1250"]
[BlackElo "1910"]
[Annotator "RC"]
[PlyCount "56"]
[EventDate "2022.04.10"]
[EventType "team-tourn"]
[EventCountry "IND"]
[SourceTitle "playchess.com"]
[Source "ChessBase"]
[SourceQuality "1"]
[TimeControl "5400+30"]

1. e4 c5 2. Nf3 d6 3. d4 cxd4 4. Nxd4 Nf6 5. Nc3 a6 6. Bg5 e6 7. f4 Qc7 8. Qf3 b5 9. Bd3 Bb7 10. O-O-O b4 11. Nce2 Nbd7 12. g4 Be7 13. Bxf6 gxf6 14. Ng3 Nc5 15. h4 h6 16. Kb1 Rg8 17. Rhf1 O-O-O 18. Qe2 Kb8 19. Rg1 d5 20. Rgf1 dxe4 21. Bxe4 Nxe4 22. Nxe4 Bd5 23. Ng3 Bc4 24. Qf3 Rd5 25. Nde2 Rgd8 26. Qh1 Bxa2+ 27. Kc1 Bb3 28. Qe4 Qa5 0-1

[Event "MPL 19th IND-ch Teams Women 2022"]
[Site "Jalgaon"]
[Date "2022.04.08"]
[Round "1.5"]
[White "Anishka Pandey"]
[Black "Soumya, Swaminathan"]
[Result "1-0"]
[ECO "A48"]
[WhiteElo "1160"]
[BlackElo "2360"]
[Annotator "RC"]
[PlyCount "172"]
[EventDate "2022.04.10"]
[EventType "team-tourn"]
[EventCountry "IND"]
[SourceTitle "playchess.com"]
[Source "ChessBase"]
[SourceQuality "1"]
[TimeControl "5400+30"]

1. d4 Nf6 2. Bf4 g6 3. e3 Bg7 4. Nf3 c5 5. Nbd2 b6 6. c3 Bb7 7. Bc4 O-O 8. O-O d6 9. Re1 Nbd7 10. Nf1 Qc7 11. Qb3 h6 12. N1d2 a6 13. a4 Nh5 14. Bg3 Nxg3 15. hxg3 Nf6 16. e4 e5 17. dxe5 dxe5 18. Nh4 Kh7 19. Rad1 Rad8 20. Qc2 Qc6 21. Nhf3 Qe8 22. Qb3 Rd6 23. Bf1 Qb8 24. Bc4 Qe8 25. Bf1 Qe6 26. Bc4 Qe7 27. Bf1 Rfd8 28. Bc4 Kg8 29. Nxe5 Qxe5 30. Bxf7+ Kh7 31. Nf3 Qh5 32. Rxd6 Rxd6 33. e5 Ng4 34. Bg8+ Kh8 35. Nh4 Nxe5 36. f4 c4 37. Bxc4 Nxc4 38. Qxc4 Qc5+ 39. Qxc5 bxc5 40. Re8+ Kh7 41. Re7 Rb6 42. f5 g5 43. Ng6 Kg8 44. Re8+ Kf7 45. Re7+ Kf6 46. g4 Bf8 47. Re8 Bg7 48. Re7 Bd5 49. Re5 Bf7 50. Rxc5 Bxg6 51. fxg6 Kxg6 52. b4 Bf8 53. Rf5 Bd6 54. b5 axb5 55. axb5 h5 56. Rd5 hxg4 57. c4 Bg3 58. Rc5 Re6 59. Rc6 Rxc6 60. bxc6 Kf5 61. c5 Bc7 62. Kh1 Ke4 63. Kg1 Ke3 64. Kf1 Kd2 65. Kf2 Kd3 66. Ke1 Ke3 67. Kf1 Bh2 68. Ke1 Bg3+ 69. Kf1 Kd2 70. Kg1 Ke2 71. c7 Bxc7 72. c6 Bb6+ 73. Kh2 Kf2 74. Kh1 Kg3 75. c7 Bxc7 76. Kg1 Bb6+ 77. Kh1 Kf2 78. Kh2 Be3 79. Kh1 Kf1 80. Kh2 Bf2 81. Kh1 Bg1 82. g3 Bf2 83. Kh2 Ke2 84. Kg2 Ke3 85. Kh2 Kf3 86. Kh1 Bxg3 1-0

[Event "MPL 19th IND-ch Teams Women 2022"]
[Site "Jalgaon"]
[Date "2022.04.08"]
[Round "1.6"]
[White "Gomes, Mary Ann"]
[Black "Adyasha, Pattnaik"]
[Result "1-0"]
[ECO "A06"]
[WhiteElo "2361"]
[BlackElo "1526"]
[Annotator "TA"]
[PlyCount "53"]
[EventDate "2022.04.10"]
[EventType "team-tourn"]
[EventCountry "IND"]
[SourceTitle "playchess.com"]
[Source "ChessBase"]
[SourceQuality "1"]
[TimeControl "5400+30"]

1. Nf3 d5 2. g3 Nf6 3. Bg2 g6 4. b3 Bg7 5. Bb2 c6 6. O-O O-O 7. d3 Nbd7 8. Nbd2 Re8 9. a4 {A07: Réti Opening: New York and Capablanca Systems.} Qc7 {[#]} 10. a5 $146 ({Predecessor:} 10. Re1 e5 11. e4 dxe4 12. dxe4 b5 13. a5 a6 14. b4 Bb7 15. c4 c5 16. cxb5 axb5 17. Qb3 c4 18. Rac1 Rac8 19. Qa3 Qd6 20. Red1 Qe7 {½-½ (57) Gravett,A (1975)-Westerkamp,B (2085) Cobo Bay 2005}) 10... b6 (10... e5 $11 {was preferrable.}) 11. axb6 $14 {White is slightly better.} Nxb6 12. Be5 Qd8 13. e4 Bg4 14. exd5 Bxf3 15. Nxf3 cxd5 16. Re1 e6 17. c4 {&Bianco is more active.} Nfd7 (17... Nbd7 $16) 18. Bxg7 $18 Kxg7 19. Ra5 Nxc4 $2 {[#]} (19... Rc8 {might work better.} 20. Qd2 (20. Rxa7 Qf6 $16) 20... Re7 21. Rxa7 Nf6) 20. Qa1+ Nf6 $2 (20... Nce5 21. Nxe5 Nxe5 22. Rxe5 Kg8 23. Rxa7 Rxa7 24. Qxa7 Qa8 25. Qxa8 Rxa8) 21. bxc4 {White is clearly winning.} dxc4 22. dxc4 Rc8 23. Ne5 h5 24. Rd1 Qe7 25. Rxa7 Rc7 26. Rxc7 Qxc7 27. Nd7 {Weighted Error Value: White=0.05 (flawless) /Black=0.55} 1-0

[Event "MPL 19th IND-ch Teams Women 2022"]
[Site "Jalgaon"]
[Date "2022.04.08"]
[Round "1.7"]
[White "Aparajita, Gochhikar"]
[Black "Karavade, Eesha"]
[Result "0-1"]
[ECO "B22"]
[WhiteElo "1739"]
[BlackElo "2345"]
[Annotator "RC"]
[PlyCount "62"]
[EventDate "2022.04.10"]
[EventType "team-tourn"]
[EventCountry "IND"]
[SourceTitle "playchess.com"]
[Source "ChessBase"]
[SourceQuality "1"]
[TimeControl "5400+30"]

1. e4 c5 2. c3 Nf6 3. e5 Nd5 4. d4 cxd4 5. Nf3 d6 6. cxd4 Nc6 7. Bc4 Nb6 8. Bb3 dxe5 9. dxe5 Qxd1+ 10. Bxd1 Bf5 11. Nc3 e6 12. Be3 Nc4 13. Nb5 Bb4+ 14. Nc3 Nxb2 15. Bd2 Nd3+ 16. Ke2 Ndxe5 17. Nxe5 Nxe5 18. Ba4+ Kf8 19. a3 Bd3+ 20. Ke1 Bc5 21. Rd1 Ba6 22. Bb5 Bxb5 23. Nxb5 Rd8 24. Ke2 Ke7 25. Bb4 Bxb4 26. axb4 a6 27. Nd4 Rd7 28. f4 Rhd8 29. Nb3 Rxd1 30. Rxd1 Rxd1 31. Kxd1 Nd3 0-1

[Event "MPL 19th IND-ch Teams Women 2022"]
[Site "Jalgaon"]
[Date "2022.04.08"]
[Round "1.8"]
[White "Mohota, Nisha"]
[Black "Chatterjee Anantyoya"]
[Result "1-0"]
[ECO "A49"]
[WhiteElo "2147"]
[BlackElo "1148"]
[Annotator "RC"]
[PlyCount "83"]
[EventDate "2022.04.10"]
[EventType "team-tourn"]
[EventCountry "IND"]
[SourceTitle "playchess.com"]
[Source "ChessBase"]
[SourceQuality "1"]
[TimeControl "5400+30"]

1. d4 d6 2. Nf3 Nf6 3. g3 g6 4. b3 Bg7 5. Bb2 O-O 6. Bg2 c6 7. O-O Qc7 8. Nbd2 Nbd7 9. e4 e5 10. Re1 Re8 11. dxe5 Nxe5 12. Nxe5 dxe5 13. Nc4 Rd8 14. Qe2 Ne8 15. Bc3 b6 16. Bf1 Qe7 17. Rad1 Bb7 18. Qe3 Rac8 19. Bh3 Rxd1 20. Rxd1 Rc7 21. Qd2 c5 22. f3 Kf8 23. a4 Bc8 24. Bxc8 Rxc8 25. Qd7 Qxd7 26. Rxd7 Rc7 27. Rxc7 Nxc7 28. Bxe5 Bxe5 29. Nxe5 Ke8 30. Kf2 a6 31. Ke3 f6 32. Nd3 Kd7 33. a5 Kc6 34. axb6 Kxb6 35. Nf4 Kc6 36. h4 Kd6 37. c4 Ne6 38. Nxe6 Kxe6 39. f4 a5 40. Kd3 h6 41. Kc3 g5 42. Kb2 1-0

[Event "MPL 19th IND-ch Teams Women 2022"]
[Site "Jalgaon"]
[Date "2022.04.09"]
[Round "2.1"]
[White "Bhagyashree Patil"]
[Black "Arpita, Mukherjee"]
[Result "1/2-1/2"]
[ECO "B92"]
[WhiteElo "1974"]
[BlackElo "2260"]
[Annotator "RC"]
[PlyCount "117"]
[EventDate "2022.04.10"]
[EventType "team-tourn"]
[EventCountry "IND"]
[SourceTitle "playchess.com"]
[Source "ChessBase"]
[SourceQuality "1"]
[TimeControl "5400+30"]

1. e4 c5 2. Nf3 d6 3. d4 cxd4 4. Nxd4 Nf6 5. Nc3 a6 6. Be2 e5 7. Nf3 Be7 8. O-O O-O 9. a4 Nc6 10. b3 h6 11. Nd2 Be6 12. Nc4 Nd4 13. Ne3 Rc8 14. Bb2 Re8 15. Bd3 Qa5 16. Ne2 Nxe2+ 17. Qxe2 Bf8 18. Rfd1 Qc7 19. Rd2 Qc6 20. f3 d5 21. exd5 Nxd5 22. Nxd5 Bxd5 23. c4 Qb6+ 24. Kh1 Bc6 25. Bc2 a5 26. Bc3 Bb4 27. Bxb4 Qxb4 28. Rad1 Qe7 29. Be4 Qh4 30. Rd6 Rcd8 31. h3 Rxd6 32. Rxd6 Qf4 33. Bxc6 bxc6 34. Qe4 Qxe4 35. fxe4 Rc8 36. Kg1 Kf8 37. Kf2 Ke7 38. c5 g6 39. g4 Rb8 40. Rd3 h5 41. g5 h4 42. Kf3 Rb4 43. Re3 f6 44. gxf6+ Kxf6 45. Kg4 Rd4 46. Kxh4 Rd2 47. Kg4 Rg2+ 48. Kf3 Rc2 49. h4 Rxc5 50. Rd3 Ke6 51. Ke2 Rc2+ 52. Rd2 Rc1 53. Rd1 Rc5 54. Rd3 Rc1 55. Rd1 Rc2+ 56. Rd2 Rc3 57. Rd3 Rc2+ 58. Rd2 Rc5 59. Rd3 1/2-1/2

[Event "MPL 19th IND-ch Teams Women 2022"]
[Site "Jalgaon"]
[Date "2022.04.09"]
[Round "2.2"]
[White "Divya Deshmukh"]
[Black "Chitlange Sakshi"]
[Result "1/2-1/2"]
[ECO "D38"]
[WhiteElo "2301"]
[BlackElo "2205"]
[Annotator "RC"]
[PlyCount "132"]
[EventDate "2022.04.10"]
[EventType "team-tourn"]
[EventCountry "IND"]
[SourceTitle "playchess.com"]
[Source "ChessBase"]
[SourceQuality "1"]
[TimeControl "5400+30"]

1. d4 Nf6 2. Nf3 d5 3. c4 e6 4. Nc3 Bb4 5. Qa4+ Nc6 6. Bg5 h6 7. Bxf6 Qxf6 8. e3 O-O 9. Rc1 Qg6 10. Qc2 Bxc3+ 11. Qxc3 Rd8 12. c5 Re8 13. b4 a6 14. a4 e5 15. Nxe5 Nxe5 16. dxe5 Bd7 17. a5 Qe6 18. f4 f6 19. Bd3 fxe5 20. O-O exf4 21. exf4 Qe3+ 22. Kh1 d4 23. Qc2 Bc6 24. f5 Kh8 25. Rcd1 Qg5 26. Rde1 Re3 27. Re2 Rae8 28. Ref2 Qf6 29. Kg1 Bd5 30. Qd2 c6 31. Be2 Qe7 32. Bh5 Rf8 33. Bg4 d3 34. h3 Bc4 35. Rf4 Bb5 36. Kh1 Rf6 37. Bd1 Re4 38. Rxe4 Qxe4 39. Bg4 Qd4 40. Re1 Qd8 41. Bh5 Rf8 42. Bg6 Qh4 43. Kh2 Qg5 44. Rd1 Qxd2 45. Rxd2 Rd8 46. Bh5 Rd4 47. Rb2 Ba4 48. Rd2 Kg8 49. Kg3 Bc2 50. Bd1 Bxd1 51. Rxd1 Kf7 52. Kf3 Kf6 53. g4 d2 54. Ke3 Rxb4 55. Rxd2 Rb5 56. Rd6+ Ke7 57. Rg6 Kf7 58. Rd6 Rxc5 59. Rd7+ Kf6 60. Rxb7 Rxa5 61. Rb6 Ra3+ 62. Kd4 Rxh3 63. Rxc6+ Kf7 64. Rxa6 Rh4 65. Rg6 h5 66. Ke5 Rxg4 1/2-1/2

[Event "MPL 19th IND-ch Teams Women 2022"]
[Site "Jalgaon"]
[Date "2022.04.09"]
[Round "2.3"]
[White "Parnali, S Dharia"]
[Black "Priyanka Nutakki"]
[Result "1/2-1/2"]
[ECO "C18"]
[WhiteElo "2224"]
[BlackElo "2301"]
[Annotator "RC"]
[PlyCount "98"]
[EventDate "2022.04.10"]
[EventType "team-tourn"]
[EventCountry "IND"]
[SourceTitle "playchess.com"]
[Source "ChessBase"]
[SourceQuality "1"]
[TimeControl "5400+30"]

1. e4 e6 2. d4 d5 3. Nc3 Bb4 4. e5 c5 5. a3 Bxc3+ 6. bxc3 Ne7 7. Qg4 Qc7 8. Bd3 cxd4 9. Ne2 dxc3 10. Qxg7 Rg8 11. Qxh7 Qxe5 12. h4 Nd7 13. Bf4 Qf6 14. Bg5 Qh8 15. Qxh8 Rxh8 16. Bb5 Nc6 17. Nxc3 f6 18. Be3 Kf7 19. O-O-O Nde5 20. Be2 Na5 21. Bc5 Nec4 22. Bb4 b6 23. h5 Rh6 24. Rh4 Ba6 25. Bd3 Rc8 26. Re1 f5 27. Nxd5 Nb3+ 28. Kb1 Ncd2+ 29. Kb2 Bxd3 30. cxd3 exd5 31. Re2 Rg8 32. Bxd2 Nxd2 33. Rxd2 Rxg2 34. Rc2 Kf6 35. Rd4 Rxh5 36. Rxd5 Rhh2 37. Rd7 Rxf2 38. Rxf2 Rxf2+ 39. Kc3 Ke6 40. Rxa7 Kd5 41. Rb7 Kc6 42. Rf7 Kc5 43. a4 Rf1 44. Rf6 Rf3 45. Rf7 Kc6 46. Kc4 Rf1 47. Rf6+ Kb7 48. Kb5 Rb1+ 49. Kc4 Rf1 1/2-1/2

[Event "MPL 19th IND-ch Teams Women 2022"]
[Site "Jalgaon"]
[Date "2022.04.09"]
[Round "2.4"]
[White "Vaishali R"]
[Black "Shah, Vishwa"]
[Result "1-0"]
[ECO "A43"]
[WhiteElo "2403"]
[BlackElo "1911"]
[Annotator "TA"]
[PlyCount "202"]
[EventDate "2022.04.10"]
[EventType "team-tourn"]
[EventCountry "IND"]
[SourceTitle "playchess.com"]
[Source "ChessBase"]
[SourceQuality "1"]
[TimeControl "5400+30"]

1. d4 Nf6 2. Nf3 c5 3. d5 b5 4. e4 Nxe4 5. Bd3 Nf6 (5... Qa5+ $1 $11 6. c3 Nf6) 6. Bxb5 $14 {[%emt 0:01:04] A43: Schmid Benoni.} Bb7 (6... a6 $14 7. Bd3 d6) 7. Nc3 (7. c4 $1 $16) 7... g6 {[%emt 0:01:29] [#]} 8. d6 $146 (8. Be3 $16) ({Predecessor:} 8. O-O Bg7 9. d6 O-O 10. dxe7 Qxe7 11. Re1 Qd8 12. Bg5 d5 13. Qd2 d4 14. Bxf6 Qxf6 {1-0 (57) Garcia Almaguer,J (2176)-Risting,E (2345) Chess.com INT 2019}) 8... e6 9. Bf4 Bg7 10. Be5 Qa5 11. O-O Nc6 12. Bxc6 Bxc6 13. Qe2 O-O 14. Rad1 Rab8 15. b3 Qb4 16. h3 Ne4 17. Bxg7 Kxg7 ({Black should try} 17... Nxc3 $15 18. Bxc3 Qxc3) 18. Nb1 (18. Nxe4 $11 Qxe4 19. Qxe4 Bxe4 20. Ne5) 18... f6 $15 19. c4 Qb7 (19... a5 $15 {feels stronger.}) 20. Rd3 $11 Rbe8 21. Rfd1 Kg8 22. h4 Rf7 23. Nh2 Rg7 24. Qe1 {[%emt 0:12:40] Threatens to win with f3.} f5 25. f3 Nf6 26. Qe5 Rf8 27. Qxc5 g5 28. hxg5 Rxg5 29. Nc3 Rf7 30. Ne2 Rfg7 31. Nf4 h5 (31... h6 $1 $11) 32. Qe5 (32. Qd4 $16 Qb6 33. c5) 32... Kf7 (32... Qb6+ $1 $11 33. c5 Qd8) 33. Qe1 (33. R1d2 $16) 33... Qa8 34. b4 Bb7 (34... Ne4 $11 {keeps the balance.} 35. b5 (35. fxe4 Bxe4 36. Kf1 e5 $15) 35... Bb7) 35. b5 (35. R1d2 $16) 35... Qc8 (35... Ne4 $11 36. Kh1 (36. fxe4 Bxe4 37. g3 h4 $17) 36... Ng3+ 37. Kg1 Ne4) 36. Qb4 $2 {[%emt 0:00:03][%mdl 8192] &Bianco is much more active.} (36. Rc1 $1 $14 {stays ahead.}) 36... e5 $19 37. c5 exf4 38. R1d2 $2 (38. Qc4+ Kf8 39. R1d2) 38... Qg8 39. Qc4+ $2 {[%emt 0:00:27] [#]} (39. Qb2 Nd5 40. c6 dxc6 41. bxc6 Bxc6 42. d7) 39... Nd5 $1 40. Qc2 (40. Kh1 Rxg2) 40... Ne3 41. Rxe3 fxe3 42. Re2 f4 43. Kh1 Bd5 44. c6 Qc8 45. c7 Kg8 46. Qa4 Rf7 47. Qxa7 Bc4 48. b6 Rb5 (48... Bxe2 49. b7 Qf8 50. c8=Q $18) 49. Re1 Rb2 $2 (49... Bd5 $19 50. a4 Rb2) 50. Qa3 $2 (50. Qa5 $1 $11 Rb5 51. Qa4 Rxb6 52. Qxc4 Rxd6 53. Qc5) 50... Rxb6 $2 (50... Rxa2 51. Qc5 Ba6 52. Qg5+ Kh7 53. Qxh5+ Kg7 54. Qg5+ Kf8 55. Ng4 Rh7+ 56. Nh6 Rxh6+ 57. Qxh6+ Kg8 58. Qxf4 $18) (50... Rd2 $1 $19 {aiming for ...Ba6.} 51. Qc5 Ba6) 51. Qc5 $11 Rc6 52. Qg5+ Kh8 53. Qxh5+ Kg8 54. Qg5+ Kh8 55. Qh4+ Kg8 56. Qg5+ Kh8 57. Qh4+ Kg8 58. Qg5+ Kh8 59. Qd8+ Rf8 60. Qh4+ Kg7 61. Qg5+ Kh7 $1 62. Qh5+ Kg7 $1 63. Qg5+ Kh7 $1 64. Ng4 Qe8 65. Nf6+ {[%emt 0:00:15] [#]} Rxf6 $1 66. Qxf6 Qh5+ (66... Bxa2 67. Qxf4 e2 68. Kg1 $18) 67. Kg1 Qc5 68. Qh4+ Kg7 (68... Kg6 $11 69. Qg4+ (69. Qxf4 e2+ 70. Kh2 Qg5 $17) 69... Qg5 70. Qxd7 Qg3 71. Qe8+ Bf7 72. Qe4+ Kh6) 69. Qg4+ $16 Kh8 $2 (69... Kh7 $16 {was necessary.} 70. Qxd7+ Kg6) 70. Qh3+ $2 (70. Qxf4 e2+ 71. Kh1 Qh5+ 72. Kg1 Qc5+ 73. Kh2 Qh5+ 74. Kg3 Kg7 $11) (70. Qxd7 $18 {[%cal Og2g3] Strongly threatening g3!} Kg8 71. Qh3 e2+ 72. Kh2 Qxd6 73. c8=Q+ Rxc8 74. Qxc8+ Kg7 75. Qg4+ (75. Qxc4 Qh6+ 76. Kg1 Qb6+ 77. Kh2 Qh6+ 78. Kg1 Qb6+ 79. Kh2 Qh6+ $11) 75... Kf6 76. g3) 70... Kg8 $11 71. Qg4+ $2 (71. Qxd7 $11 e2+ 72. Kh1) 71... Kh8 $18 72. Qxf4 $2 (72. Qxd7 $18 {[%cal Og2g3] Hoping for g3!} Kg8 73. Qh3 e2+ 74. Kh2 Qxd6 75. c8=Q+ Rxc8 76. Qxc8+ Kg7 77. Qg4+ (77. Qxc4 Qh6+ 78. Kg1 Qb6+ 79. Kh2 Qh6+ 80. Kg1 Qb6+ 81. Kh2 Qh6+ $11) 77... Kf6 78. g3) 72... e2+ $11 73. Kh2 {[%emt 0:00:07] Black must now prevent Qh6+. Really sharp!} Ba6 74. Qh6+ Kg8 75. Qg6+ Kf8 76. Qf6+ Kg8 77. Qd8+ Kg7 78. Qxd7+ Kg6 79. Qg4+ Kf7 80. Qf4+ (80. Qd7+ $11 {is more appropriate.} Kg6 81. Qg4+ Kf7 82. Qd7+ Kg6) 80... Kg7 $2 (80... Ke6 $15 81. Kh1 (81. Qh6+ $2 Kd7 $19) 81... Qc3 82. Qh6+ Kd7) 81. Qg4+ $2 (81. d7 $18 Qh5+ 82. Kg3 Rg6+ 83. Kf2 Qc5+ 84. Qe3 Rxg2+ 85. Kxg2 Qxe3 86. d8=Q) 81... Kf7 82. Qd7+ Kg6 83. Qe8+ Kg7 84. Qe7+ Kg8 85. Qe6+ Kg7 $1 86. Qe7+ Kg8 87. Qd8+ Kg7 88. Qd7+ $40 {[%emt 0:00:30][%mdl 128] White attacks.} Kg8 89. Qe8+ Kg7 90. Qd7+ Kg8 91. Qe6+ Kg7 $1 92. Qg4+ Kf7 93. Qd7+ Kg8 94. Qg4+ ({Better is} 94. c8=Q+ $11 Bxc8 95. Qe8+ Kg7 96. Qe7+ Kg6 97. Qe8+ Kg7 98. Qe7+ Kg6 99. Qe8+ Kg7) 94... Kf7 $15 95. Qf4+ Kg7 $2 (95... Ke6 $15 96. Kh1 (96. Qh6+ $2 Kd7 $19) 96... Qc3) 96. d7 $18 Qh5+ 97. Kg1 (97. Kg3 $142 Rg6+ 98. Kf2 Qc5+ 99. Qe3 Rxg2+ 100. Kxg2 Qxe3 101. d8=Q) 97... Qc5+ 98. Kh2 (98. Kh1 $142 Rh6+ 99. Qxh6+ $3 Kxh6 100. d8=Q Qh5+ 101. Kg1 Qc5+ 102. Kh2 Qh5+ 103. Kg1 Qc5+ 104. Kh1 Qh5+ 105. Kg1) 98... Qh5+ {[%emt 0:00:30] [#]} 99. Kg3 $1 {[%emt 0:01:34] White is clearly winning.} Rg6+ 100. Kf2 {[%emt 0:00:02] White threatens Qd4+ and mate.} Qc5+ 101. Qe3 Qd6 {[%emt 0:01:22] Both players deserved the win here.  Weighted Error Value: White=0.57/Black=0.40} 1-0

[Event "MPL 19th IND-ch Teams Women 2022"]
[Site "Jalgaon"]
[Date "2022.04.10"]
[Round "3.1"]
[White "Arpita, Mukherjee"]
[Black "Soumya, Swaminathan"]
[Result "1/2-1/2"]
[ECO "A45"]
[WhiteElo "2260"]
[BlackElo "2360"]
[Annotator "RC"]
[PlyCount "29"]
[EventDate "2022.04.10"]
[EventType "team-tourn"]
[EventCountry "IND"]
[SourceTitle "playchess.com"]
[Source "ChessBase"]
[SourceQuality "1"]
[TimeControl "5400+30"]

1. d4 Nf6 2. Bf4 g6 3. Nc3 d5 4. e3 Bg7 5. h4 h5 6. Be2 O-O 7. Nf3 c5 8. dxc5 Qa5 9. O-O Qxc5 10. Nb5 a6 11. Nc7 Ra7 12. Nb5 Ra8 13. Nc7 Ra7 14. Nb5 Ra8 15. Nc7 1/2-1/2